 Dungeon Crawl Stone Soup version 0.19-a0-1686-g35356ef (webtiles) character file.

128 MistressOfTheDunes the Insei (level 4, -2/35 HPs)
             Began as a Mummy Monk on Sept 25, 2016.
             Slain by a sky beast (6 damage)
             ... on level 3 of the Dungeon.
             The game lasted 00:02:10 (2174 turns).

MistressOfTheDunes the Insei (Mummy Monk)           Turns: 2174, Time: 00:02:11

Health: -2/35      AC:  2    Str: 14    XL:     4   Next: 86%
Magic:  4/4        EV: 13    Int:  9    God:
Gold:   51         SH:  0    Dex: 15    Spells: 0 memorised, 3 levels left

rFire  x . .     SeeInvis .       - Unarmed
rCold  + . .     Gourm    .     (no armour)
rNeg   + + +     Faith    .     (no shield)
rPois  ∞         Spirit   .     (no helmet)
rElec  .         Dismiss  .     (no cloak)
rCorr  .         Reflect  .     (no gloves)
MR     .....     Harm     .     b - +0 pair of boots
Stlth  ++........               (no amulet)
                                (no ring)
                                (no ring)

@: no status effects
A: no food or potions, fire vulnerability, cold resistance 1, negative energy
resistance 3, torment resistance, unbreathing
a: no special abilities


You were on level 3 of the Dungeon.
You were not hungry.

You visited 1 branch of the dungeon, and saw 3 of its levels.

You collected 51 gold pieces.


Innate Abilities, Weirdness & Mutations

You do not eat or drink.
Your flesh is vulnerable to fire.
You are immune to poison.
Your flesh is cold resistant. (rC+)
You are immune to negative energy. (rN+++)
You are immune to unholy pain and torment.
You can survive without breathing.


   Skills:
 - Level 3.0 Fighting
 - Level 2.4 Dodging
 - Level 1.5 Stealth
 + Level 4.6 Unarmed Combat


You had 3 spell levels left.
You didn't know any spells.

Inventory:

Armour
 b - a +0 pair of boots (worn)
Scrolls
 a - 3 scrolls of identify {unknown}
 c - a scroll of enchant armour {unknown}
 d - a scroll of enchant weapon {unknown}
 e - a scroll of amnesia {unknown}

Dungeon Overview and Level Annotations

Branches:
Dungeon (3/15)

Altars:
Okawaru
Ru

Annotations:
D:3 st0uf's ghost, amateur DsFi

▒▒ . .▒▒▒▒▒
▒▒▒▒▒▒▒▒▒......
▒...)M.....▒
▒..[Y▒▒.▒▒▒▒
▒.▒▒. ▒.▒ .. ▒.
▒.▒ ▒ ▒. ▒.▒ ▒.
▒.▒ ▒.▒▒.▒
▒.▒▒.▒ ▒.▒▒.▒


You could see a sky beast.


Message History

You pound the sky beast into fine dust!
The sky beast is heavily wounded!
The sky beast misses you!
You pulverise the sky beast!
The sky beast is heavily wounded!
You closely miss the sky beast!
The sky beast is heavily wounded!
The sky beast barely misses you!
You pulverise the sky beast!
The sky beast is severely wounded!
The sky beast closely misses you!
You closely miss the sky beast! Your punch misses the sky beast!
The sky beast is severely wounded!
The sky beast closely misses you!
You pulverise the sky beast!!!
The sky beast is almost dead!
The sky beast hits you!
The sky beast shocks you! * * * don't die
* * * You squash the sky beast but do no damage!
The sky beast is almost dead!
The sky beast hits you! * * * don't die
* * * The sky beast shocks you! * * * don't die
* * * You pound the sky beast into fine dust!
The sky beast is almost dead!
The sky beast hits you! * * * don't die
* * * The sky beast shocks you! rip

Action                   |  1- 3 |  4- 6 || total
-------------------------+-------+-------++-------
Melee: Unarmed           |   114 |    86 ||   200
       Punch             |     1 |     4 ||     5
 Stab: Sleeping          |     4 |     1 ||     5
       Paralysed         |     1 |       ||     1
Armor: Skin              |    10 |     7 ||    17
Dodge: Dodged            |    73 |    43 ||   116

Vault maps used:
D:1:      onia_arrival_mini_maze, okawaru_ov_weapons_minmay
D:2:      nicolae_ru_great_annihilating_truth, ecumenical_altar_2
D:3:      first_bread

Notes
Turn   | Place    | Note
-------+----------+-------------------------------------------
     0 | D:1      | MistressOfTheDunes the Mummy Monk began the quest for the Orb.
     0 | D:1      | Reached XP level 1. HP: 18/18 MP: 1/1
   351 | D:1      | Reached XP level 2. HP: 22/24 MP: 2/2
   416 | D:1      | Reached skill level 3 in Unarmed Combat
   598 | D:1      | Found an iron altar of Okawaru.
   958 | D:2      | Found a sacrificial altar of Ru.
   986 | D:2      | Reached XP level 3. HP: 3/29 MP: 3/3
  1490 | D:2      | Reached skill level 4 in Unarmed Combat
  1507 | D:2      | Reached XP level 4. HP: 33/35 MP: 4/4
  1516 | D:2      | Found a faded altar of an unknown god.
  1992 | D:3      | Noticed st0uf's ghost (amateur DsFi)
  2162 | D:3      | Noticed a sky beast
  2174 | D:3      | Slain by a sky beast

Vanquished Creatures
  An orc wizard (D:2)
  4 adders
  An ooze (D:2)
  A worm (D:2)
  4 dart slugs
  3 leopard geckos
  An orc (D:3)
  3 bats
  3 giant cockroaches
  5 goblins
  6 hobgoblins
  7 kobolds
  2 ball pythons (D:2)
  A frilled lizard (D:2)
  6 rats
48 creatures vanquished.
